 Dungeon Crawl Stone Soup version 0.19-a0-944-gb338e1e (webtiles) character file.

66 FitzyFitz the Slasher (level 3, -13/27 HPs)
             Began as a Vampire Gladiator on July 8, 2016.
             Killed by divine providence
             ... invoked by an orc priest
              (15 damage)
             ... on level 3 of the Dungeon.
             The game lasted 00:03:23 (1700 turns).

FitzyFitz the Slasher (Vampire Gladiator)           Turns: 1700, Time: 00:03:24

Health: -13/27     AC:  4    Str: 14    XL:     3   Next: 96%
Magic:  3/3        EV: 13    Int:  7    God:
Gold:   117        SH:  0    Dex: 15    Spells: 0 memorised, 2 levels left

rFire  . . .     SeeInvis +     a - +0 long sword
rCold  + . .     Gourm    .     b - +0 leather armour
rNeg   + + .     Faith    .     (no shield)
rPois  +         Spirit   .     h - +0 helmet
rElec  .         Dismiss  .     (no cloak)
rCorr  .         Reflect  .     (no gloves)
SustAt .         Harm     .     (no boots)
MR     .....                    (no amulet)
Stlth  +.........               g - ring of poison resistance
                                m - -3 ring of intelligence (curse)

@: very slightly contaminated, regenerating slowly, hasted, very quick, not
resistant to hostile enchantments, very unstealthy
A: fangs 3, see invisible, unbreathing
a: Bat Form


You were on level 3 of the Dungeon.
You were thirsty.

You visited 1 branch of the dungeon, and saw 3 of its levels.

You collected 117 gold pieces.

Inventory:

Hand Weapons
 a - a +0 long sword (weapon)
 i - a +1 dagger of protection
Missiles
 c - 87 stones
 d - 3 throwing nets (quivered)
Armour
 b - a +0 leather armour (worn)
 h - a +0 helmet (worn)
Jewellery
 g - a ring of poison resistance (right hand)
 k - an uncursed ring of fire
 m - a cursed -3 ring of intelligence (left hand)
Scrolls
 f - a scroll of identify
 j - 2 scrolls of teleportation
Potions
 e - 5 potions of blood
 l - a potion of haste
 p - a potion of cancellation
Books
 o - a book of Flames

   Spells                             Type                      Level
   a - Flame Tongue                   Conjuration/Fire             1
   b - Throw Flame                    Conjuration/Fire             2
   c - Conjure Flame                  Conjuration/Fire             3
   d - Inner Flame                    Hexes/Fire                   3
   e - Sticky Flame                   Conjuration/Fire             4
   f - Fireball                       Conjuration/Fire             5


   Skills:
 - Level 1.7 Fighting
 + Level 4.9 Long Blades
 - Level 1.5 Throwing
 - Level 3.2 Dodging


You had 2 spell levels left.
You didn't know any spells.

Dungeon Overview and Level Annotations

Branches:
Dungeon (3/15)

Altars:
Pakellas


Innate Abilities, Weirdness & Mutations

You heal slowly.
You have razor-sharp teeth.
You have supernaturally acute eyesight. (SInv)
You can survive without breathing.


Message History

The orc priest is severely wounded.
The orc priest hits you but does no damage.
You hit the orc priest but do no damage.
The orc priest is severely wounded.
You barely miss the orc priest.
The orc priest is severely wounded.
The orc priest hits you with a dagger.
* * * LOW HITPOINT WARNING * * *
You hit the orc priest but do no damage.
The orc priest is severely wounded.
The orc priest hits you but does no damage.
You closely miss the orc priest.
The orc priest is severely wounded.
The orc priest hits you but does no damage.
You hit the orc priest.
The orc priest is severely wounded.
The orc priest mumbles some strange prayers to Beogh against you.
Beogh smites you!
Ouch! That really hurt!
You die...

#.............##...
#...........###
##.........##
..........# ...
##........# ...
#........# ....
#........# .....
#........######.....
#.....)@###.........
#.....o####....o....
#.......o##.oo......
#.######..#.###.....
## ##.o..# ...
##.#....# #
#.......# ....###.##
..##.# .#


You could see an orc priest.

Vanquished Creatures
  An adder (D:3)
  An ooze (D:1)
  2 dart slugs
  A giant gecko (D:1)
  2 orcs (D:3)
  3 giant cockroaches
  6 goblins
  4 hobgoblins
  6 jackals (D:1)
  A quokka (D:2)
  2 ball pythons (D:1)
  4 bats (D:1)
  2 kobolds (D:1)
  7 rats
42 creatures vanquished.

Vanquished Creatures (others)
  A fire dragon (D:2)
  A bush (D:2)
2 creatures vanquished.

Grand Total: 44 creatures vanquished

Notes
Turn   | Place    | Note
-------+----------+-------------------------------------------
     0 | D:1      | FitzyFitz the Vampire Gladiator began the quest for the Orb.
     0 | D:1      | Reached XP level 1. HP: 16/16 MP: 1/1
   319 | D:1      | Reached XP level 2. HP: 22/22 MP: 2/2
   471 | D:1      | Reached skill level 4 in Long Blades
   691 | D:1      | Reached XP level 3. HP: 26/27 MP: 3/3
  1299 | D:2      | Found an oddly glowing altar of Pakellas.
  1300 | D:2      | Noticed a fire dragon
  1315 | D:2      | Killed a fire dragon
  1525 | D:2      | Found a faded altar of an unknown god.
  1700 | D:3      | Killed from afar by an orc priest

Vault maps used:
D:1:      lemuel_arrival_muddy
D:2:      ecumenical_altar_1, grunt_ministairs_7, corner_web_ring,
          gammafunk_pakellas_spire_experiment
D:3:      nicolae_ru_path_of_blood, first_bread, minivault_14

Skill      XL: |  1  2 |
---------------+-------+-----
Long Blades    | 4 |  4.9
Fighting       | |  1.7
Throwing       | |  1.5
Dodging        | |  3.2

Action                   || total
-------------------------++-------
Melee: Long sword        ||   140
       Bite              ||    18
  Use: Scroll            ||     6
       Potion            ||     1
 Stab: Sleeping          ||     2
  Eat: Corpse            ||     2
Armor: Leather armour    ||    32
Dodge: Dodged            ||    68
